 Dungeon Crawl Stone Soup version 0.20.0-15-g7f486f2 (webtiles) character file.

214 McKennaii the Shield-Bearer (level 5, 0/47 HPs)
             Began as a Minotaur Fighter on June 11, 2017.
             Slain by sreda's ghost (13 damage)
             ... on level 4 of the Dungeon.
             The game lasted 00:07:47 (3245 turns).

McKennaii the Shield-Bearer (Minotaur Fighter)      Turns: 3245, Time: 00:07:48

Health: 0/47       AC:  7    Str: 21    XL:     5   Next: 59%
Magic:  4/4        EV:  8    Int:  5    God:
Gold:   180        SH: 10    Dex: 13    Spells: 4/4 levels left

rFire    . . .     SeeInvis +   a - +0 long sword
rCold    . . .     Gourm    .   c - +0 shield
rNeg     . . .     Faith    .   b - +0 scale mail
rPois    .         Spirit   .   (helmet restricted)
rElec    .         Reflect  .   (no cloak)
rCorr    .         Harm     .   (no gloves)
MR       .....                  (no boots)
Stlth    ..........             (no amulet)
Regen    0.2/turn               k - ring of see invisible
MPRegen  0.1/turn               y - +3 ring of dexterity

@: no status effects
A: retaliatory headbutt, horns 2
a: no special abilities


You were on level 4 of the Dungeon.
You were hungry.

You visited 1 branch of the dungeon, and saw 4 of its levels.
You also visited: Sewer.

You collected 180 gold pieces.

Inventory:

Hand Weapons
 a - a +0 long sword (weapon)
Armour
 b - a +0 scale mail (worn)
 c - a +0 shield (worn)
Jewellery
 k - a ring of see invisible (left hand)
 y - a +3 ring of dexterity (right hand)
Scrolls
 g - a scroll of fear {unknown}
 j - 3 scrolls of enchant armour {unknown}
 m - 3 scrolls of identify {unknown}
 n - 5 scrolls of teleportation {unknown}
 o - a scroll of remove curse {unknown}
 s - a scroll of enchant weapon {unknown}
 v - 3 scrolls of fog {unknown}
 w - 2 scrolls of recharging {unknown}
Potions
 d - 2 potions of might
 e - a potion of brilliance {unknown}
 h - 2 potions of berserk rage {unknown}
 l - 3 potions of cancellation {unknown}
 p - a potion of lignification {unknown}
 q - 2 potions of resistance {unknown}
 r - 2 potions of haste {unknown}
 t - 3 potions of heal wounds {unknown}
 u - a potion of magic {unknown}
Comestibles
 f - 3 bread rations
 i - 2 fruits
 x - a meat ration


   Skills:
 + Level 4.6 Fighting
 + Level 4.4 Long Blades
 + Level 4.6 Armour
 + Level 0.9 Dodging
 + Level 0.3 Stealth
 + Level 5.0 Shields


You had 4 spell levels left.
You didn't know any spells.

Dungeon Overview and Level Annotations

Branches:
Dungeon (4/15)
 Temple: D:4-7

Altars:
Dithmenos
Gozag
Kikubaaqudgha
Xom

Annotations:
D:4 Menkaure; sreda's ghost, novice OgGl


Innate Abilities, Weirdness & Mutations

You reflexively headbutt those who attack you in melee.
You have a pair of horns on your head.


Message History

You hit the gnoll.
You kill the gnoll!
You see here a spear.
There is a stone staircase leading down here.
You start resting.
All of the chunks of flesh in your inventory have rotted away.
You are feeling hungry.
You climb downwards.
Level annotation: Menkaure; sreda's ghost, novice OgGl Sreda's ghost turns its malevolent gaze towards you.
Menkaure closely misses you.
There is a stone staircase leading up here.
You barely miss Menkaure. Menkaure hits you.
You hit Menkaure but do no damage. Menkaure hits you!
You hit Menkaure. You headbutt Menkaure.
Menkaure is moderately damaged.
Menkaure hits you!
* * * LOW HITPOINT WARNING * * *
Sreda's ghost hits you!
You die...

#############
#.....M.....#
###
##.#########M#
g.###..#####
#@#
#..g.....>.#
#W#
#####.####.#
#.# #####.#
#.# .......
#.# #####.#.
#.# #.... #.#
... .. ... ..
.#.


You could see Menkaure and sreda's ghost.

Vanquished Creatures
  7 adders
  3 gnolls (D:3)
  3 river rats (D:3)
  2 oozes
  A worm (D:2)
  2 dart slugs
  3 leopard geckos (D:1)
  2 orcs (D:3)
  5 giant cockroaches
  3 goblins (D:2)
  8 hobgoblins
  6 jackals
  A quokka (D:2)
  5 ball pythons
  5 bats
  5 frilled lizards
  16 kobolds
  7 rats
  2 plants (Sewer)
86 creatures vanquished.

Vanquished Creatures (others)
  A plant (Sewer)
1 creature vanquished.

Grand Total: 87 creatures vanquished

Notes
Turn   | Place    | Note
-------+----------+-------------------------------------------
     0 | D:1      | McKennaii the Minotaur Fighter began the quest for the Orb.
     0 | D:1      | Reached XP level 1. HP: 19/19 MP: 0/0
    92 | D:1      | Reached XP level 2. HP: 21/27 MP: 1/1
   402 | D:2      | Reached skill level 4 in Shields
   402 | D:2      | Reached XP level 3. HP: 31/33 MP: 2/2
   562 | D:2      | Reached XP level 4. HP: 36/41 MP: 3/3
   597 | D:2      | Found a shimmering altar of Xom.
   608 | D:2      | Found an ancient bone altar of Kikubaaqudgha.
   609 | D:2      | Found an opulent altar of Gozag.
   609 | D:2      | Found a shadowy altar of Dithmenos.
   897 | D:3      | Found a glowing drain.
  1037 | Sewer    | Entered a sewer
  1411 | Sewer    | Reached XP level 5. HP: 47/47 MP: 4/4
  2677 | D:4      | Noticed Menkaure
  2923 | D:3      | Reached skill level 5 in Shields
  3138 | D:4      | Noticed sreda's ghost (novice OgGl)
  3245 | D:4      | Slain by sreda's ghost

Skill      XL: |  1  2  3  4  5 |
---------------+----------------+-----
Fighting       | 4 |  4.6
Long Blades    | 3 4 |  4.4
Shields        | 4 5 |  5.0
Armour         | 4 |  4.6
Dodging        | |  0.9
Stealth        | |  0.3

Action                   |  1- 3 |  4- 6 || total
-------------------------+-------+-------++-------
Melee: Long sword        |    80 |   188 ||   268
       Headbutt          |    11 |    32 ||    43
  Eat: Chunk             |       |     8 ||     8
Armor: Scale mail        |    36 |    59 ||    95
Dodge: Dodged            |    26 |    40 ||    66
Block: Shield            |    44 |    84 ||   128
       Rpst.: Long sword |     4 |    15 ||    19
